 Dungeon Crawl Stone Soup version 0.31.0-11-ge490571c62 (webtiles) character file.

Game seed: 16411603742924358183

2 Lynora the Conjurer (level 1, 0/14 HPs)
             Began as a Demigod Conjurer on Feb 2, 2024.
             Frozen to death by an endoplasm (3 damage)
             ... on level 1 of the Dungeon.
             The game lasted 00:02:54 (67 turns).

Lynora the Conjurer (Demigod Conjurer)                Turns: 67, Time: 00:02:55

Health: 0/14       AC:  2    Str:  8    XL:     1   Next: 20%
Magic:  5/5        EV: 12    Int: 20    God:
Gold:   0          SH:  0    Dex: 12    Spells: 2/3 levels left

rFire   . . .        (no weapon)
rCold   . . .        (no shield)
rNeg    . . .        a - +0 robe
rPois   .            (no helmet)
rElec   .            (no cloak)
rCorr   .            (no gloves)
SInv    .            (no boots)
Will    .....        (no amulet)
Stlth   ++           (no ring)
HPRegen 0.22/turn    (no ring)
MPRegen 0.09/turn

%: no passive effects
@: no status effects
A: high MP 1, forlorn, divine attributes
a: no special abilities


You were on level 1 of the Dungeon.
You visited 1 branch of the dungeon, and saw 1 of its levels.

Inventory:

Armour
 a - a +0 robe (worn)


   Skills:
 + Level 1.7 Dodging
 + Level 1.9 Stealth
 + Level 1.7 Spellcasting
 + Level 3.6 Conjurations


You had 2 spell levels left.
You knew the following spells:

 Your Spells              Type           Power      Damage    Failure   Level
a - Magic Dart            Conj           64%        1d6       3%          1

Your spell library contained the following spells:

 Spells                   Type           Power      Damage    Failure   Level
 Searing Ray              Conj           32%        2d5       5%          2
 Fulminant Prism          Conj/Alch      4%         3d5       58%         4
 Iskenderun's Mystic Bla  Conj/Tloc      9%         2d4       58%         4


Dungeon Overview and Level Annotations

Branches:
Dungeon (1/15)


Innate Abilities, Weirdness & Mutations

You have an increased reservoir of magic. (+10% MP)
You shall have no god before yourself.
Your divine heritage dramatically boosts your attributes as you level up.


Message History

Press: ? - help, Q - select action, (/) - cycle Shift-Dir - straight line, f/p - kobold
Aim: a kobold, wielding a +1 dagger of protection and quivering stones (100% to hit)
You miscast Magic Dart.
You are very lightly contaminated with residual magic.
Nothing appears to happen.
You don't have enough magic to cast this spell.
Throw: stone
Press: ? - help, Q - select action, (/) - cycle Shift-Dir - straight line, f/p - kobold
Aim: a kobold, wielding a +1 dagger of protection and quivering stones (43% to hit)
You throw a stone.
The stone hits the kobold but does no damage.
Magic courses through your body. The endoplasm barely misses you.
The kobold hits you but does no damage.
You hit the endoplasm but do no damage. The endoplasm hits you.
The kobold barely misses you.
You barely miss the endoplasm. The endoplasm hits you.
The kobold hits you but does no damage.
You hit the endoplasm.
The endoplasm is lightly wounded.
The endoplasm freezes you.
You are frozen.
The kobold barely misses you.
You hit the endoplasm.
The endoplasm is heavily wounded.
The endoplasm closely misses you. The kobold barely misses you.
Your magical contamination has completely faded away.
You hit the endoplasm but do no damage.
The endoplasm is heavily wounded.
The endoplasm freezes you.
You are frozen.
* * * LOW HITPOINT WARNING * * *
The kobold closely misses you.
The endoplasm attacks as it pursues you!
The endoplasm closely misses you. The endoplasm closely misses you.
The endoplasm hits you.
* * * LOW HITPOINT WARNING * * *
The endoplasm jiggles.
The endoplasm freezes you.
You are frozen.
You die...

#### #..## .# #...# #########
.## #..####...###...8...##
...#
#.........##..8.<.8..##....#
#...###...#8.........8#....#
###.. #...JK.8.....8.......#
......###...#8J@.......8#....#
#...†.....##..8...8..## ....S
#....##...###...8...## ..##
#.........# ######### .#
##...##..## .. ##.# #### # #.
##


You could see 2 endoplasms and a kobold.

Vanquished Creatures
  A hobgoblin (D:1)
  A frilled lizard (D:1)
2 creatures vanquished.

Notes
Turn   | Place    | Note
-------+----------+-------------------------------------------
     0 | D:1      | Lynora the Demigod Conjurer began the quest for the Orb.
     0 | D:1      | Reached XP level 1. HP: 14/14 MP: 5/5
    67 | D:1      | Frozen to death by an endoplasm

Illustrated notes

Levels and vault maps discovered:
D:1:      erik_arrival_orb_chamber, layout_loops_ring,
          shapermc_ecumenical_altar_acropolis

Action                     || total
---------------------------++-------
  Melee: Unarmed           ||     8
  Throw: Stone             ||     1
   Cast: Magic Dart        ||     4
    Use: Potion            ||     1
 Armour: Robe              ||     9
  Dodge: Dodged            ||    11
